| TOP OF THE 1ST |
|
Boston (APP) Red Sox batting - Pitching for Elizabethton Twins : RHP Tony Icamen
|
|
Pitching: RHP Tony Icamen
|
|
|
Batting: LHB Javier Cajina
|
0-0: Ball 1-0: Ball 2-0: Ball 3-0: Base on Balls
|
|
Batting: RHB Kirk Cully
|
0-0: Called Strike 0-1: Fly out, F8 (Flyball, 8RM, EV 80.6 MPH)
|
|
Batting: LHB Mike Hutcheson
|
0-0: Swinging Strike 0-1: Ball 1-1: Called Strike 1-2: Ball 2-2: Foul Ball, location: 2F 2-2: Strikes out swinging
|
|
Batting: RHB Bakhtiar Asadov
|
0-0: Hit by Pitch Javier Cajina to second
|
|
Batting: LHB Stanislav Parusov
|
0-0: Ball 1-0: Ball 2-0: Swinging Strike 2-1: Foul Ball, location: 2F 2-2: Ball 3-2: Base on Balls Javier Cajina to third Bakhtiar Asadov to second
|
|
Batting: RHB Felix Rangel
|
0-0: Called Strike 0-1: Ball 1-1: Ball 2-1: SINGLE (Groundball, 56D, EV 103.1 MPH) Javier Cajina scores Bakhtiar Asadov to third Stanislav Parusov to second Runner from 3rd tries for Home, SAFE, throw by LF to home
|
|
Batting: RHB Eric Kent
|
0-0: Called Strike 0-1: Ground out 4-3 (Groundball, 4MD, EV 103.8 MPH)
|
| Top of the 1st over - 2 runs, 1 hit, 0 errors, 2 left on base; Boston (APP) 2 - Elizabethton 0 |
| BOTTOM OF THE 1ST |
|
Elizabethton Twins batting - Pitching for Boston (APP) Red Sox : RHP Johnny Lucero
|
|
Pitching: RHP Johnny Lucero
|
|
|
Batting: RHB Nestor Moreno
|
0-0: Ball 1-0: Ball 2-0: Foul Ball, location: 2F 2-1: Ball 3-1: Called Strike 3-2: Base on Balls
|
|
Batting: RHB Ryan Starks
|
0-0: Called Strike 0-1: Ball 1-1: 2-RUN HOME RUN (Flyball, 8RXD, EV 116.2 MPH), Distance : 447 ft
|
|
Batting: RHB Josh Harmon
|
0-0: Ground out 2-3 (Groundball, 2R, EV 65.6 MPH)
|
|
Batting: LHB David Ramos
|
0-0: Called Strike 0-1: Ball 1-1: Ball 2-1: Ball 3-1: Called Strike 3-2: Strikes out swinging
|
|
Batting: RHB Ratko Macura
|
0-0: Ball 1-0: Fly out, F9 (Flyball, 89M, EV 89.4 MPH)
|
| Bottom of the 1st over - 2 runs, 1 hit, 0 errors, 0 left on base; Boston (APP) 2 - Elizabethton 2 |
| TOP OF THE 2ND |
|
Boston (APP) Red Sox batting - Pitching for Elizabethton Twins : RHP Tony Icamen
|
|
Batting: RHB Estevan Carrillo
|
0-0: Ball 1-0: Called Strike 1-1: SINGLE (Groundball, 56, EV 106.2 MPH) (infield hit)
|
|
Batting: LHB Kenny Jackson
|
0-0: Ball 1-0: 2-RUN HOME RUN (Flyball, 7D, EV 93.8 MPH), Distance : 371 ft
|
|
Batting: LHB Javier Cajina
|
0-0: Ball 1-0: SOLO HOME RUN (Flyball, 9D, EV 97.5 MPH), Distance : 359 ft
|
|
Batting: RHB Kirk Cully
|
0-0: Ball 1-0: Ball 2-0: Foul Ball, location: 2F 2-1: Ball 3-1: Swinging Strike 3-2: Strikes out swinging
|
|
Batting: LHB Mike Hutcheson
|
0-0: Ball 1-0: Called Strike 1-1: Ball 2-1: Foul Ball, location: 2F 2-2: Foul Ball, location: 2F 2-2: SOLO HOME RUN (Flyball, 78XD, EV 106.2 MPH), Distance : 409 ft
|
|
Batting: RHB Bakhtiar Asadov
|
0-0: Ball 1-0: Fly out, F9 (Flyball, 9S, EV 94.4 MPH)
|
|
Batting: LHB Stanislav Parusov
|
0-0: Ball 1-0: Foul Ball, location: 2F 1-1: Ball 2-1: Foul Ball, location: 2F 2-2: Foul Ball, location: 2F 2-2: SINGLE (Flyball, 7LS, EV 101.2 MPH)
|
|
Pitching: RHP Takeshi Kusanagi
|
|
|
Batting: RHB Felix Rangel
|
0-0: Ball 1-0: Fielders Choice at 2nd, 5-4 (Groundball, 5, EV 103.8 MPH)
|
| Top of the 2nd over - 4 runs, 5 hits, 0 errors, 1 left on base; Boston (APP) 6 - Elizabethton 2 |
| BOTTOM OF THE 2ND |
|
Elizabethton Twins batting - Pitching for Boston (APP) Red Sox : RHP Johnny Lucero
|
|
Batting: SHB Rodrigo Mendoza
|
0-0: Ball 1-0: SINGLE (Groundball, 4S, EV 68.1 MPH) (infield hit)
|
|
Batting: LHB Diego Gutierres
|
0-0: Fly out, F8 (Line Drive, 8LD, EV 95.0 MPH)
|
|
Batting: RHB Kenny Reynolds
|
0-0: Ball 1-0: Ball 2-0: Ball Wild Pitch! Rodrigo Mendoza to second 3-0: Swinging Strike 3-1: Called Strike 3-2: 2-RUN HOME RUN (Line Drive, 78XD, EV 101.2 MPH), Distance : 406 ft
|
|
Batting: LHB Joey Zamora
|
0-0: Called Strike 0-1: Called Strike 0-2: Fly out, F9 (Line Drive, 89M, EV 83.8 MPH)
|
|
Batting: RHB Nestor Moreno
|
0-0: DOUBLE (Line Drive, 3D, EV 94.4 MPH)
|
|
Batting: RHB Ryan Starks
|
0-0: Foul Ball, location: 2F 0-1: Ball 1-1: Ball 2-1: Ground out 6-3 (Groundball, 6, EV 98.8 MPH)
|
| Bottom of the 2nd over - 2 runs, 3 hits, 0 errors, 1 left on base; Boston (APP) 6 - Elizabethton 4 |
| TOP OF THE 3RD |
|
Boston (APP) Red Sox batting - Pitching for Elizabethton Twins : RHP Takeshi Kusanagi
|
|
Batting: RHB Eric Kent
|
0-0: Called Strike 0-1: Called Strike 0-2: Strikes out swinging
|
|
Batting: RHB Estevan Carrillo
|
0-0: Fly out, F7 (Flyball, 7S, EV 85.6 MPH)
|
|
Batting: LHB Kenny Jackson
|
0-0: Called Strike 0-1: Swinging Strike 0-2: Strikes out swinging
|
| Top of the 3rd over - 0 runs, 0 hits, 0 errors, 0 left on base; Boston (APP) 6 - Elizabethton 4 |
| BOTTOM OF THE 3RD |
|
Elizabethton Twins batting - Pitching for Boston (APP) Red Sox : RHP Johnny Lucero
|
|
Batting: RHB Josh Harmon
|
0-0: Ball 1-0: Called Strike 1-1: Ball 2-1: SINGLE (Groundball, 56, EV 98.8 MPH)
|
|
Batting: LHB David Ramos
|
0-0: Hit by Pitch Josh Harmon to second
|
|
Batting: RHB Ratko Macura
|
0-0: Ball 1-0: Fly out, F8 (Flyball, 8RM, EV 80.6 MPH)
|
|
Batting: SHB Rodrigo Mendoza
|
0-0: Swinging Strike 0-1: Swinging Strike 0-2: Strikes out swinging
|
|
Batting: LHB Diego Gutierres
|
0-0: Ball 1-0: Ball 2-0: Ball 3-0: Base on Balls Josh Harmon to third David Ramos to second
|
|
Batting: RHB Kenny Reynolds
|
0-0: Called Strike 0-1: Swinging Strike 0-2: Ball 1-2: Foul Ball, location: 2F 1-2: GRAND SLAM HOME RUN (Flyball, 7LD, EV 95.0 MPH), Distance : 351 ft
|
|
Pitching: RHP Danny Diaz
|
|
|
Batting: LHB Joey Zamora
|
0-0: Swinging Strike 0-1: SINGLE (Popup, 56D, EV 50.6 MPH)
|
|
Batting: RHB Nestor Moreno
|
0-0: Ball 1-0: Called Strike 1-1: Fielders Choice at 2nd, 6-4 (Groundball, 6MD, EV 97.5 MPH)
|
| Bottom of the 3rd over - 4 runs, 3 hits, 0 errors, 1 left on base; Boston (APP) 6 - Elizabethton 8 |
| TOP OF THE 4TH |
|
Boston (APP) Red Sox batting - Pitching for Elizabethton Twins : RHP Takeshi Kusanagi
|
|
Batting: LHB Javier Cajina
|
0-0: Fly out, F7 (Flyball, 7LD, EV 89.4 MPH)
|
|
Batting: RHB Kirk Cully
|
0-0: Called Strike 0-1: Ball 1-1: Ball 2-1: Called Strike 2-2: Ground out U3 (Groundball, 34, EV 90.0 MPH)
|
|
Batting: LHB Mike Hutcheson
|
0-0: Ball 1-0: Ball 2-0: SINGLE (Line Drive, 78S, EV 95.6 MPH)
|
|
Batting: RHB Bakhtiar Asadov
|
0-0: Ball 1-0: Called Strike 1-1: Swinging Strike 1-2: Ball 2-2: Foul Ball, location: 2F 2-2: Strikes out looking
|
| Top of the 4th over - 0 runs, 1 hit, 0 errors, 1 left on base; Boston (APP) 6 - Elizabethton 8 |
| BOTTOM OF THE 4TH |
|
Elizabethton Twins batting - Pitching for Boston (APP) Red Sox : RHP Danny Diaz
|
|
Batting: RHB Ryan Starks
|
0-0: Called Strike 0-1: Ball 1-1: Ball 2-1: Ball 3-1: DOUBLE (Line Drive, 78D, EV 108.1 MPH)
|
|
Batting: RHB Josh Harmon
|
0-0: Ball 1-0: Foul Ball, location: 2F 1-1: Fly out, F8 (Line Drive, 8LM, EV 93.1 MPH)
|
|
Batting: LHB David Ramos
|
0-0: Ball 1-0: Foul Ball, location: 2F 1-1: Ball 2-1: Ball 3-1: Swinging Strike 3-2: Strikes out swinging
|
|
Batting: RHB Ratko Macura
|
0-0: Called Strike 0-1: Ball 1-1: Ground out 5-3 (Groundball, 25, EV 93.8 MPH)
|
| Bottom of the 4th over - 0 runs, 1 hit, 0 errors, 1 left on base; Boston (APP) 6 - Elizabethton 8 |
| TOP OF THE 5TH |
|
Boston (APP) Red Sox batting - Pitching for Elizabethton Twins : RHP Takeshi Kusanagi
|
|
Pitching: RHP Miguel Montelongo
|
|
|
Batting: LHB Stanislav Parusov
|
0-0: Ball 1-0: Ball 2-0: Called Strike 2-1: Ball 3-1: Base on Balls
|
|
Batting: RHB Felix Rangel
|
0-0: Ball 1-0: Called Strike Stanislav Parusov is caught stealing 2nd base 2-4 1-1: Ball 2-1: Foul Ball, location: 2F 2-2: Ball 3-2: Fly out, F8 (Flyball, 8RD, EV 95.6 MPH)
|
|
Batting: RHB Eric Kent
|
0-0: Ground out 6-3 (Groundball, 56, EV 83.1 MPH)
|
| Top of the 5th over - 0 runs, 0 hits, 0 errors, 0 left on base; Boston (APP) 6 - Elizabethton 8 |
| BOTTOM OF THE 5TH |
|
Elizabethton Twins batting - Pitching for Boston (APP) Red Sox : RHP Danny Diaz
|
|
Batting: SHB Rodrigo Mendoza
|
0-0: Called Strike 0-1: Called Strike 0-2: Strikes out swinging
|
|
Batting: LHB Diego Gutierres
|
0-0: Called Strike 0-1: Foul Ball, location: 2F 0-2: Ball 1-2: Ball 2-2: SOLO HOME RUN (Flyball, 9D, EV 94.4 MPH), Distance : 358 ft
|
|
Batting: RHB Kenny Reynolds
|
0-0: Called Strike 0-1: Ball 1-1: Foul Ball, location: 2F 1-2: Ball 2-2: Foul Ball, location: 2F 2-2: Ball 3-2: Fly out, F7 (Flyball, 78M, EV 85.6 MPH)
|
|
Batting: LHB Joey Zamora
|
0-0: SINGLE (Groundball, 4, EV 100.0 MPH)
|
|
Pitching: RHP Randy Williams
|
|
|
Batting: RHB Nestor Moreno
|
0-0: Reached on error, E4 (Groundball, 4MS, EV 86.2 MPH) Joey Zamora to second
|
|
Batting: RHB Ryan Starks
|
0-0: Ball 1-0: Ground out 4-3 (Groundball, 4, EV 91.9 MPH)
|
| Bottom of the 5th over - 1 run, 2 hits, 1 error, 2 left on base; Boston (APP) 6 - Elizabethton 9 |
| TOP OF THE 6TH |
|
Boston (APP) Red Sox batting - Pitching for Elizabethton Twins : RHP Miguel Montelongo
|
|
Pinch Hitting: RHB Joe Booth
|
0-0: Bunt for hit to 23 - play at first, batter safe!
|
|
Batting: LHB Kenny Jackson
|
0-0: Ball 1-0: Ball 2-0: Fly out, F8 (Flyball, 78D, EV 103.1 MPH)
|
|
Batting: LHB Javier Cajina
|
0-0: Ball 1-0: Ball 2-0: Ball 3-0: Base on Balls Joe Booth to second
|
|
Pitching: RHP Karel Braaksma
|
|
|
Batting: RHB Kirk Cully
|
0-0: Called Strike 0-1: Ball 1-1: Foul Ball, location: 2F 1-2: Foul Ball, location: 2F 1-2: Ball 2-2: Ball 3-2: Foul Ball, location: 2F 3-2: SINGLE (Groundball, 56S, EV 70.0 MPH) (infield hit) Joe Booth to third Javier Cajina to second
|
|
Batting: LHB Mike Hutcheson
|
0-0: Foul Ball, location: 2F 0-1: Foul Ball, location: 2F 0-2: Foul Ball, location: 2F 0-2: Ball Wild Pitch! Joe Booth scores Javier Cajina to third Kirk Cully to second 1-2: Foul Ball, location: 2F 1-2: Foul Ball, location: 2F 1-2: Ball 2-2: Ball 3-2: Base on Balls
|
|
Batting: RHB Bakhtiar Asadov
|
0-0: Swinging Strike 0-1: Called Strike 0-2: Fly out, F8 (Flyball, 8LXD, EV 106.2 MPH) Runner from 3rd tags up, SCORES, no throw by CF
|
|
Batting: LHB Stanislav Parusov
|
0-0: Fly out, F9 (Flyball, 89S, EV 92.5 MPH)
|
| Top of the 6th over - 2 runs, 2 hits, 0 errors, 2 left on base; Boston (APP) 8 - Elizabethton 9 |
| BOTTOM OF THE 6TH |
|
Elizabethton Twins batting - Pitching for Boston (APP) Red Sox : RHP Randy Williams
|
|
Now at 1B: Kien-lung Zou
|
|
|
Batting: RHB Josh Harmon
|
0-0: Ball 1-0: Called Strike 1-1: Ball 2-1: Foul Ball, location: 2F 2-2: Foul Ball, location: 2F 2-2: Foul Ball, location: 2F 2-2: Foul Ball, location: 2F 2-2: Foul Ball, location: 2F 2-2: Foul Ball, location: 2F 2-2: Ball 3-2: Strikes out swinging
|
|
Batting: LHB David Ramos
|
0-0: Ball 1-0: Called Strike 1-1: Fly out, F8 (Line Drive, 8LM, EV 108.8 MPH)
|
|
Batting: RHB Ratko Macura
|
0-0: Foul Ball, location: 2F 0-1: Ball 1-1: Ball 2-1: Called Strike 2-2: Foul Ball, location: 2F 2-2: Foul Ball, location: 2F 2-2: Ball 3-2: Base on Balls
|
|
Pitching: RHP Zinedine Lahlafi
|
|
|
Batting: SHB Rodrigo Mendoza
|
0-0: Ball 1-0: Called Strike 1-1: Ball 2-1: Called Strike 2-2: Foul Ball, location: 2F 2-2: Ground out 5-3 (Groundball, 56S, EV 78.1 MPH)
|
| Bottom of the 6th over - 0 runs, 0 hits, 0 errors, 1 left on base; Boston (APP) 8 - Elizabethton 9 |
| TOP OF THE 7TH |
|
Boston (APP) Red Sox batting - Pitching for Elizabethton Twins : RHP Karel Braaksma
|
|
Now at 2B: Ed Mosqueda
|
|
|
Batting: RHB Felix Rangel
|
0-0: Fly out, F7 (Flyball, 7S, EV 93.1 MPH)
|
|
Batting: RHB Eric Kent
|
0-0: Ground out 5-3 (Groundball, 5, EV 85.6 MPH)
|
|
Batting: LHB Kien-lung Zou
|
0-0: TRIPLE (Flyball, 7D, EV 109.4 MPH)
|
|
Batting: LHB Kenny Jackson
|
0-0: Ground out 4-3 (Groundball, 4, EV 101.9 MPH)
|
| Top of the 7th over - 0 runs, 1 hit, 0 errors, 1 left on base; Boston (APP) 8 - Elizabethton 9 |
| BOTTOM OF THE 7TH |
|
Elizabethton Twins batting - Pitching for Boston (APP) Red Sox : RHP Zinedine Lahlafi
|
|
Batting: LHB Diego Gutierres
|
0-0: Ball 1-0: Fly out, F7 (Line Drive, 7S, EV 101.9 MPH)
|
|
Batting: RHB Kenny Reynolds
|
0-0: Ball 1-0: Ball 2-0: Ball 3-0: Base on Balls
|
|
Batting: LHB Joey Zamora
|
0-0: Fly out, F8 (Flyball, 8RM, EV 90.6 MPH)
|
|
Batting: RHB Nestor Moreno
|
0-0: Fly out, F7 (Flyball, 78M, EV 91.9 MPH)
|
| Bottom of the 7th over - 0 runs, 0 hits, 0 errors, 1 left on base; Boston (APP) 8 - Elizabethton 9 |
| TOP OF THE 8TH |
|
Boston (APP) Red Sox batting - Pitching for Elizabethton Twins : RHP Karel Braaksma
|
|
Now in LF: Raul Aldaz
|
|
|
Batting: LHB Javier Cajina
|
0-0: Called Strike 0-1: Foul Ball, location: 2F 0-2: Ball 1-2: Foul Ball, location: 2F 1-2: Ball 2-2: Strikes out swinging
|
|
Batting: RHB Kirk Cully
|
0-0: Foul Ball, location: 2F 0-1: Foul Ball, location: 2F 0-2: Foul Ball, location: 2F 0-2: Fly out, F8 (Flyball, 8LD, EV 103.8 MPH)
|
|
Batting: LHB Mike Hutcheson
|
0-0: Called Strike 0-1: Ball 1-1: Ground out 4-3 (Groundball, 4M, EV 100.0 MPH)
|
| Top of the 8th over - 0 runs, 0 hits, 0 errors, 0 left on base; Boston (APP) 8 - Elizabethton 9 |
| BOTTOM OF THE 8TH |
|
Elizabethton Twins batting - Pitching for Boston (APP) Red Sox : RHP Zinedine Lahlafi
|
|
Batting: SHB Ed Mosqueda
|
0-0: Foul Ball, location: 2F 0-1: Swinging Strike 0-2: Ball 1-2: Foul Ball, location: 2F 1-2: Ball 2-2: Strikes out swinging
|
|
Batting: RHB Josh Harmon
|
0-0: Ball 1-0: Ball 2-0: Called Strike 2-1: Ball 3-1: Base on Balls
|
|
Batting: LHB David Ramos
|
0-0: Ball 1-0: Called Strike 1-1: Ball 2-1: Ball 3-1: Foul Ball, location: 2F 3-2: Foul Ball, location: 2F 3-2: Base on Balls Josh Harmon to second
|
|
Pitching: RHP Jose Duran
|
|
|
Batting: RHB Ratko Macura
|
0-0: Ball 1-0: Ball 2-0: Ball Wild Pitch! Josh Harmon to third David Ramos to second 3-0: Called Strike 3-1: Foul Ball, location: 2F 3-2: Ground out 4-3 (Groundball, 4, EV 111.2 MPH)
|
|
Batting: SHB Rodrigo Mendoza
|
0-0: Ball 1-0: Foul Ball, location: 2F 1-1: Ground out 6-3 (Groundball, 4M, EV 82.5 MPH)
|
| Bottom of the 8th over - 0 runs, 0 hits, 0 errors, 2 left on base; Boston (APP) 8 - Elizabethton 9 |
| TOP OF THE 9TH |
|
Boston (APP) Red Sox batting - Pitching for Elizabethton Twins : RHP Karel Braaksma
|
|
Pitching: RHP Ron Didkowsky
|
|
|
Batting: RHB Bakhtiar Asadov
|
0-0: Ball 1-0: Foul Ball, location: 2F 1-1: Ball 2-1: Ball 3-1: Base on Balls
|
|
Batting: LHB Stanislav Parusov
|
0-0: Ball 1-0: Foul Ball, location: 2F 1-1: Ball 2-1: Foul Ball, location: 2F 2-2: Ball Wild Pitch! Bakhtiar Asadov to second 3-2: Foul Ball, location: 2F 3-2: Base on Balls
|
|
Batting: RHB Felix Rangel
|
0-0: Ball 1-0: Bunted foul 1-1: Sac Bunt to 2L - play at first, batter OUT! 2-4 Bakhtiar Asadov to third Stanislav Parusov to second
|
|
Pinch Hitting: RHB Josh Smith
|
0-0: Called Strike 0-1: Ball 1-1: Ball 2-1: Ball 3-1: Base on Balls
|
|
Batting: LHB Kien-lung Zou
|
0-0: Ball 1-0: Called Strike 1-1: Foul Ball, location: 2F 1-2: Foul Ball, location: 2F 1-2: Ball 2-2: Strikes out swinging
|
|
Pinch Hitting: RHB Vladmiri Nugaibekov
|
0-0: Ball 1-0: Foul Ball, location: 2F 1-1: Ball 2-1: Ball 3-1: Called Strike 3-2: Base on Balls Bakhtiar Asadov scores Stanislav Parusov to third Josh Smith to second
|
|
Pitching: LHP Choji Tominaga
|
|
|
Batting: LHB Javier Cajina
|
0-0: Fielders Choice at 2nd, U6 (Groundball, 6M, EV 98.8 MPH)
|
| Top of the 9th over - 1 run, 0 hits, 0 errors, 3 left on base; Boston (APP) 9 - Elizabethton 9 |
| BOTTOM OF THE 9TH |
|
Elizabethton Twins batting - Pitching for Boston (APP) Red Sox : RHP Jose Duran
|
|
Now at 2B: Josh Smith
|
|
|
Now at SS: Matsudaira Ikeda
|
|
|
Batting: LHB Diego Gutierres
|
0-0: Ball 1-0: Ground out 6-3 (Groundball, 6M, EV 83.1 MPH)
|
|
Batting: RHB Kenny Reynolds
|
0-0: Ball 1-0: Called Strike 1-1: Foul Ball, location: 2F 1-2: Ball 2-2: Ball 3-2: Foul Ball, location: 2F 3-2: Foul Ball, location: 2F 3-2: Base on Balls
|
|
Pinch Hitting: LHB George Roben
|
0-0: Ball 1-0: Called Strike 1-1: Ball 2-1: Called Strike 2-2: Foul Ball, location: 2F 2-2: Foul Ball, location: 2F 2-2: Foul Ball, location: 2F 2-2: Ball 3-2: Strikes out swinging
|
|
Batting: RHB Nestor Moreno
|
0-0: Called Strike 0-1: Ball 1-1: Ball 2-1: Ball 3-1: SINGLE (Groundball, 25, EV 72.5 MPH) (infield hit) Kenny Reynolds to second
|
|
Batting: SHB Ed Mosqueda
|
0-0: Called Strike 0-1: Ball 1-1: Ball 2-1: Foul Ball, location: 2F 2-2: Strikes out swinging
|
| Bottom of the 9th over - 0 runs, 1 hit, 0 errors, 2 left on base; Boston (APP) 9 - Elizabethton 9 |
| TOP OF THE 10TH |
|
Boston (APP) Red Sox batting - Pitching for Elizabethton Twins : LHP Choji Tominaga
|
|
Now in LF: Bill Lorimer
|
|
|
Batting: RHB Kirk Cully
|
0-0: Ball 1-0: Ground out 1-3 (Groundball, 13, EV 61.9 MPH)
|
|
Batting: LHB Mike Hutcheson
|
0-0: Ball 1-0: Ball 2-0: Ball 3-0: Base on Balls
|
|
Batting: RHB Bakhtiar Asadov
|
0-0: Called Strike 0-1: Called Strike 0-2: Ball 1-2: Foul Ball, location: 2F 1-2: Foul Ball, location: 2F 1-2: Foul Ball, location: 2F 1-2: Strikes out swinging
|
|
Batting: LHB Stanislav Parusov
|
0-0: Ball 1-0: Called Strike 1-1: Ball 2-1: Foul Ball, location: 2F 2-2: Strikes out swinging
|
| Top of the 10th over - 0 runs, 0 hits, 0 errors, 1 left on base; Boston (APP) 9 - Elizabethton 9 |
| BOTTOM OF THE 10TH |
|
Elizabethton Twins batting - Pitching for Boston (APP) Red Sox : RHP Jose Duran
|
|
Pitching: RHP Cedric Tyler
|
|
|
Batting: RHB Josh Harmon
|
0-0: Called Strike 0-1: Foul Ball, location: 2F 0-2: Ball 1-2: Ground out 5-3 (Groundball, 5S, EV 68.1 MPH)
|
|
Batting: LHB David Ramos
|
0-0: SOLO HOME RUN (Flyball, 89XD, EV 103.1 MPH), Distance : 390 ft
|
| Bottom of the 10th over - 1 run, 1 hit, 0 errors, 0 left on base; Boston (APP) 9 - Elizabethton 10 |
|